 Dungeon Sprint DCSS version 0.21-a0-338-g36cf2fc (webtiles) character file.

65744 Kidiri the Peltast (level 13, -21/137 HPs)
             Began as a Minotaur Fighter on Oct 3, 2017.
             Was a High Priest of Okawaru.
             Shot with an arrow by a deep elf master archer (30 damage)
             ... in the Dungeon (Sprint III: "The Ten Rune Challenge").
             The game lasted 00:30:19 (6148 turns).

Kidiri the Peltast (Minotaur Fighter)               Turns: 6148, Time: 00:30:20

Health: -21/137    AC: 21    Str: 23    XL:     13   Next: 60%
Magic:  23/27      EV: 18    Int: 10    God:    Okawaru [*****.]
Gold:   4680       SH: 19    Dex: 13    Spells: 12/12 levels left

rFire    + + .     SeeInvis .   O - +2 long sword (slice)
rCold    . . .     Gourm    .   c - +2 shield
rNeg     + . .     Faith    .   v - +0 chain mail {rN+}
rPois    .         Spirit   .   w - +3 hat of Pondering {ponderous, MR+ MP+10 Int+5}
rElec    +         Reflect  .   t - scarf "Tuarpheops" {MR++ Regen+}
rCorr    .         Harm     .   l - +0 pair of gloves (curse)
MR       +++..     NoTele   +   (no boots)
Stlth    ..........             z - amulet of Vitality {Regen+ HP+15}
HPRegen  1.12/turn              E - ring "Ireuhawk" {rElec rF+}
MPRegen  0.20/turn              a - +4 ring of slaying

@: lethally poisoned (-21 -> -21), heroism, finesse, flying, slow
A: retaliatory headbutt, hooves 1, horns 2, fire resistance 1, frail 1, sense
surroundings 1, no potion heal 1
}: 2/10 runes: serpentine, barnacled
a: Heroism, Finesse, Renounce Religion


You were in the Dungeon.
You worshipped Okawaru.
Okawaru was extremely pleased with you.
You were not hungry.

You visited 1 branch You collected 8210 gold pieces.
You spent 3530 gold pieces at shops.

Inventory:

Hand Weapons
 O - a +2 long sword of slicing (weapon)
Missiles
 e - 2 javelins of penetration (quivered)
Armour
 c - a +2 shield (worn)
 l - a cursed +0 pair of gloves (worn)
 t - the scarf "Tuarpheops" (worn) {MR++ Regen+}
   (Okawaru gifted it to you in the Dungeon)

   It affects your resistance to hostile enchantments.
   It increases your rate of regeneration.
 v - a +0 chain mail of positive energy (worn)
 w - the +3 hat of Pondering (worn) {ponderous, MR+ MP+10 Int+5}
   (You took it off Gastronok in the Dungeon)

   It affects your intelligence (+5).
   It affects your resistance to hostile enchantments.
   It affects your magic capacity (+10).
Jewellery
 a - a +4 ring of slaying (right hand)
 z - the amulet of Vitality (around neck) {Regen+ HP+15}
   (You bought it in a shop in the Dungeon)

   [amulet of regeneration]

   It affects your health (+15).
   It increases your rate of regeneration.
 E - the ring "Ireuhawk" (left hand) {rElec rF+}
   (You found it in the Dungeon)

   [ring of protection from fire]

   It protects you from fire.
   It insulates you from electricity.
Wands
 g - a wand of lightning (7/15)
 j - a wand of polymorph (13/24)
 C - a wand of disintegration (17/24)
Scrolls
 m - a scroll of fog
 o - a scroll of immolation
 p - 4 scrolls of remove curse
 s - a scroll of holy word
Potions
 h - 2 potions of haste
 i - 3 potions of magic
 k - a potion of berserk rage
 n - 2 potions of curing
 r - 4 potions of flight
 D - 2 potions of ambrosia
Comestibles
 f - a bread ration
 q - 25 royal jellies
 F - a meat ration
 H - 4 chunks of flesh


   Skills:
 * Level 18.8(23.8) Fighting
 * Level 18.6(23.6) Long Blades
 + Level 9.4(14.4) Throwing
 * Level 18.7(23.7) Armour
 + Level 12.8(17.8) Dodging
 * Level 18.8(23.8) Shields
 - Level 7.5 Invocations
 + Level 7.3 Evocations


You had 12 spell levels left.
You didn't know any spells.

Dungeon Overview and Level Annotations

Branches:
Dungeon (1/1)

Altars:
Cheibriados
Dithmenos
Elyvilon
Fedhas
Gozag
Hepliaklqana
Kikubaaqudgha
Makhleb
Nemelex Xobeh
Okawaru
Qazlal
Ru
Sif Muna
Trog
Uskayaw
Vehumet
Wu Jian
Xom
Yredelemnul
Zin
The Shining One
Beogh
Jiyva
Lugonu

Shops:
D ?:(=[?}

Annotations:
D exclusion: 3 doors


Innate Abilities, Weirdness & Mutations

You reflexively headbutt those who attack you in melee.
You have a pair of horns on your head.
You have large cloven feet.
Your flesh is heat resistant. (rF+)
You are frail. (-10% HP)
You passively map a small area around you.
Potions are less effective at restoring your health.


Message History

The stone arrow misses you.
The deep elf master archer shoots an arrow.
The arrow hits you.
The deep elf annihilator gestures wildly while chanting.
The deep elf annihilator blinks!
Things that are here:
an arrow; a runed robe You feel sick.
The deep elf mage gestures at you while chanting.
The bolt of magma hits you! You partially resist.
* * * LOW HITPOINT WARNING * * *
Unknown command.
You feel sick.
The deep elf master archer shoots an arrow.
The arrow hits you!
* * * LOW HITPOINT WARNING * * *
You hear a splash.
The deep elf master archer shoots an arrow.
The arrow hits you!!
You die...

▓▓▓▓ ...#
#################### * *
.∩.###...'.#...##).xE'...
.........#.#...##≈≈≈≈##..##
.......#.#.#.(.≈@§(eeEeE..# *
,
.......###.#...##§≈≈≈##..##,
#######.##÷'..=##e.x.'... ,
).#, ###################
########################### ,
, .).#.#.#.).[.#......+...≈≈#
*
.#..#.##.###.#......#%..≈≈###
#.#.#.##)#..##[.....#...≈≈≈≈#
,
).#..#..##.)'[)((...#...≈≈≈≈#


You could see a deep elf master archer, a deep elf annihilator, a deep elf high
priest, 3 earth elementals, a deep elf mage and 2 crawling corpses.

Vanquished Creatures
  Rupert (D)
  A kraken (D)
  Gastronok (D)
  A nagaraja (D)
  A deep elf demonologist (D)
  A deep elf annihilator (D)
  2 dire elephants (D)
  A deep elf death mage (D)
  Erolcha (D)
  2 hydras (D)
  A naga warrior (D)
  4 alligator snapping turtles (D)
  2 anacondas (D)
  4 death yaks (D)
  An orc high priest (D)
  Urug (D)
  A deep elf knight (D)
  A death drake (D)
  2 orc knights (D)
  A lindwurm (D)
  A spriggan druid (D)
  4 deep elf magi (D)
  5 black mambas (D)
  2 elephants (D)
  A guardian serpent (D)
  2 spiny frogs (D)
  A komodo dragon (D)
  A rime drake (D)
  3 wandering mushrooms (D)
  A queen bee (D)
  2 tyrant leeches (D)
  8 blink frogs (D)
  2 snapping turtles (D)
  5 redbacks (D)
  2 spriggans (D)
  A shadow (D)
  A spatial vortex (D)
  2 nagas (D)
  4 water moccasins (D)
  2 orc warriors (D)
  A swamp drake (D)
  A necrophage (D)
  A black mamba simulacrum (D)
  5 two-headed ogres (D)
  A water elemental (D)
  32 killer bees (D)
  An electric eel (D)
  A jelly (D)
  2 orc wizards (D)
  3 orc priests (D)
  Jessica (D)
  A wizard (D)
  A necromancer (D)
  3 wolf simulacra (D)
  A kobold demonologist (D)
  3 humans (D)
  A wolf (D)
  2 adders (D)
  2 oozes (D)
  8 orcs (D)
  A rat (D)
  11 plants (D)
163 creatures vanquished.

Vanquished Creatures (others)
  2 draconian scorchers (D)
  Nessos (D)
  A deep elf knight (D)
  3 yaktaurs (D)
  6 hellions (D)
  8 tentacles (D)
21 creatures vanquished.

Grand Total: 184 creatures vanquished

Notes
Turn   | Place    | Note
-------+----------+-------------------------------------------
     0 | D        | Kidiri the Minotaur Fighter began the quest for the Orb.
     0 | D        | Reached XP level 1. HP: 19/19 MP: 0/0
     8 | D        | Reached skill level 1 in Dodging
     8 | D        | Reached XP level 2. HP: 25/27 MP: 1/1
    29 | D        | Noticed Jessica
    40 | D        | Killed Jessica
    40 | D        | Reached skill level 5 in Fighting
    40 | D        | Reached skill level 5 in Armour
    40 | D        | Reached skill level 5 in Shields
    40 | D        | Reached XP level 3. HP: 21/36 MP: 2/2
    73 | D        | Killed a hellion
    85 | D        | Killed a hellion
    86 | D        | Killed a hellion
    86 | D        | Killed a hellion
    87 | D        | Killed a hellion
   111 | D        | Killed a yaktaur
   143 | D        | Killed a white draconian scorcher
   196 | D        | Killed a hellion
   212 | D        | Reached skill level 5 in Long Blades
   212 | D        | Reached XP level 4. HP: 23/44 MP: 3/3
   230 | D        | Gained mutation: Your flesh is heat resistant. (rF+) [potion of mutation]
   230 | D        | Gained mutation: You are weak. (Str -2) [potion of mutation]
   230 | D        | Gained mutation: You are resistant to hostile enchantments. (MR+) [potion of mutation]
   230 | D        | Lost mutation: You are weak. (Str -2) [potion of mutation]
   231 | D        | Lost mutation: You are resistant to hostile enchantments. (MR+) [potion of mutation]
   231 | D        | Lost mutation: Your flesh is heat resistant. (rF+) [potion of mutation]
   231 | D        | Gained mutation: You are dopey. (Int -2) [potion of mutation]
   231 | D        | Gained mutation: You are covered in fur. (AC +1) [potion of mutation]
   231 | D        | Gained mutation: You are partially covered in molten scales. (AC +2) [potion of mutation]
   232 | D        | Lost mutation: You are dopey. (Int -2) [potion of mutation]
   232 | D        | Lost mutation: You are covered in fur. (AC +1) [potion of mutation]
   232 | D        | Lost mutation: You are partially covered in molten scales. (AC +2) [potion of mutation]
   232 | D        | Gained mutation: You expend magic power (3 MP) to strengthen your wands. [potion of mutation]
   232 | D        | Gained mutation: You are agile. (Dex +2) [potion of mutation]
   232 | D        | Gained mutation: Potions are less effective at restoring your health. [potion of mutation]
   232 | D        | Gained mutation: Your mind is acute. (Int +2) [potion of mutation]
   260 | D        | Killed a white draconian scorcher
   362 | D        | Noticed a water elemental
   366 | D        | Killed a water elemental
   376 | D        | Found an ornate altar of the Wu Jian Council.
   376 | D        | Found an iron altar of Okawaru.
   377 | D        | Found a roughly hewn altar of Beogh.
   377 | D        | Found a bloodstained altar of Trog.
   377 | D        | Found a hide-covered altar of Uskayaw.
   377 | D        | Noticed a human
   377 | D        | Noticed a human
   384 | D        | Killed a human
   384 | D        | Reached XP level 5. HP: 53/53 MP: 4/4
   386 | D        | Killed a human
   386 | D        | Reached XP level 6. HP: 62/62 MP: 5/5
   393 | D        | Became a worshipper of Warmaster Okawaru
   451 | D        | Found a radiant altar of Vehumet.
   452 | D        | Found a deep blue altar of Sif Muna.
   452 | D        | Found an ancient bone altar of Kikubaaqudgha.
   453 | D        | Noticed a soul eater
   457 | D        | Reached skill level 5 in Dodging
   753 | D        | Found a glowing silver altar of Zin.
   754 | D        | Found a glowing golden altar of the Shining One.
   754 | D        | Found a white marble altar of Elyvilon.
   754 | D        | Noticed a deep elf mage
   758 | D        | Noticed a fire elemental
   759 | D        | Killed a deep elf mage
   759 | D        | Reached * piety under Okawaru
   759 | D        | Reached skill level 10 in Fighting
   759 | D        | Reached skill level 10 in Armour
   759 | D        | Reached skill level 10 in Shields
   759 | D        | Reached XP level 7. HP: 72/72 MP: 5/8
   816 | D        | Found a shadowy altar of Dithmenos.
   824 | D        | Found a basalt altar of Yredelemnul.
   824 | D        | Found a sacrificial altar of Ru.
   826 | D        | Reached skill level 10 in Long Blades
   853 | D        | Noticed a shadow
   856 | D        | Killed a shadow
   856 | D        | Reached XP level 8. HP: 80/80 MP: 9/9
   877 | D        | Found a blossoming altar of Fedhas.
   877 | D        | Found a stormy altar of Qazlal.
   877 | D        | Found a snail-covered altar of Cheibriados.
   877 | D        | Found a burning altar of Makhleb.
   877 | D        | Found a shimmering altar of Xom.
   878 | D        | Found a hazy altar of Hepliaklqana.
   878 | D        | Found an opulent altar of Gozag.
   878 | D        | Found a sparkling altar of Nemelex Xobeh.
   878 | D        | Found a corrupted altar of Lugonu.
   878 | D        | Found a viscous altar of Jiyva.
   911 | D        | Reached ** piety under Okawaru
  1013 | D        | Noticed a two-headed ogre
  1021 | D        | Killed a two-headed ogre
  1089 | D        | Noticed a two-headed ogre
  1089 | D        | Noticed Erolcha
  1104 | D        | Killed Erolcha
  1104 | D        | Reached *** piety under Okawaru
  1104 | D        | Reached XP level 9. HP: 90/90 MP: 9/11
  1108 | D        | Killed a two-headed ogre
  1108 | D        | Reached skill level 5 in Invocations
  1249 | D        | Noticed a queen bee
  1277 | D        | Reached **** piety under Okawaru
  1283 | D        | Killed a queen bee
  1308 | D        | Reached XP level 10. HP: 62/101 MP: 13/13
  1325 | D        | Reached skill level 1 in Throwing
  1646 | D        | Reached ***** piety under Okawaru
  1715 | D        | Noticed a spiny frog
  1715 | D        | Noticed a spiny frog
  1728 | D        | Killed a spiny frog
  1732 | D        | Killed a spiny frog
  2088 | D        | Noticed a lindwurm
  2097 | D        | Killed a lindwurm
  2109 | D        | Noticed Urug
  2203 | D        | Killed Urug
  2203 | D        | Reached XP level 11. HP: 93/111 MP: 8/15
  2405 | D        | Noticed Rupert
  2418 | D        | Killed Rupert
  2418 | D        | Received a gift from Okawaru
  2418 | D        | Reached skill level 15 in Fighting
  2418 | D        | Reached skill level 15 in Long Blades
  2418 | D        | Reached skill level 5 in Throwing
  2418 | D        | Reached skill level 15 in Armour
  2418 | D        | Reached skill level 10 in Dodging
  2418 | D        | Reached skill level 15 in Shields
  2419 | D        | Got a dazzling scarf {god gift}
  2425 | D        | Identified the scarf "Tuarpheops" {MR++ Regen+} (Okawaru gifted it to you in the Dungeon)
  2460 | D        | Noticed a death yak
  2461 | D        | Noticed a death yak
  2462 | D        | Noticed a death yak
  2464 | D        | Noticed a death yak
  2476 | D        | Killed a death yak
  2485 | D        | Killed a death yak
  2501 | D        | Killed a death yak
  2509 | D        | Killed a death yak
  2559 | D        | Noticed an azure jelly
  2559 | D        | Noticed an azure jelly
  2570 | D        | Received a gift from Okawaru
  2627 | D        | Reached XP level 12. HP: 122/122 MP: 9/16
  2757 | D        | Noticed an anaconda
  2757 | D        | Noticed an anaconda
  2768 | D        | Killed an anaconda
  2774 | D        | Killed an anaconda
  2823 | D        | Noticed a naga warrior
  2823 | D        | Noticed a nagaraja
  2825 | D        | Found Foelir's Magic Scroll Boutique.
  2825 | D        | Found Neaperal's Book Emporium.
  2841 | D        | HP: 4/124 [nagaraja/halberd (20)]
  2846 | D        | HP: 1/124 [poisoned by a naga warrior (splash of poison)]
  2852 | D        | HP: 1/124 [poisoned by a naga warrior (splash of poison)]
  2857 | D        | HP: 2/124 [poisoned by a naga warrior (splash of poison)]
  2863 | D        | HP: 4/124 [poisoned by a naga warrior (splash of poison)]
  2926 | D        | HP: 4/124 [nagaraja/halberd (20)]
  2928 | D        | Killed a nagaraja
  3270 | D        | Killed a naga warrior
  3277 | D        | Found Tihic's Antique Weapon Shop.
  3326 | D        | Lost mutation: Your mind is acute. (Int +2) [mutagenic meat]
  3327 | D        | Gained mutation: You have large cloven feet. [mutagenic meat]
  3329 | D        | Lost mutation: You expend magic power (3 MP) to strengthen your wands. [mutagenic meat]
  3330 | D        | Gained mutation: You passively map a small area around you. [mutagenic meat]
  3336 | D        | Got a serpentine rune of Zot
  3441 | D        | Noticed an azure jelly
  3445 | D        | Noticed an azure jelly
  3536 | D        | Noticed a dire elephant
  3536 | D        | Noticed a dire elephant
  3536 | D        | Noticed Gastronok
  3557 | D        | Killed a dire elephant
  3557 | D        | Reached skill level 5 in Evocations
  3571 | D        | Killed Gastronok
  3583 | D        | Killed a dire elephant
  3751 | D        | Received a gift from Okawaru
  3818 | D        | Killed Nessos
  3948 | D        | Noticed a seven-headed hydra
  3948 | D        | Noticed a five-headed hydra
  3955 | D        | Killed a five-headed hydra
  3957 | D        | Killed a seven-headed hydra
  3995 | D        | Found a blossoming altar of Fedhas.
  4004 | D        | Received a gift from Okawaru
  4005 | D        | Got a twisted hunting sling {god gift}
  4010 | D        | Reached XP level 13. HP: 124/134 MP: 17/17
  4035 | D        | Lost mutation: You are agile. (Dex +2) [potion of mutation]
  4035 | D        | Lost mutation: You have large cloven feet. [potion of mutation]
  4035 | D        | Gained mutation: You have large cloven feet. [potion of mutation]
  4035 | D        | Gained mutation: You are frail. (-10% HP) [potion of mutation]
  4035 | D        | Gained mutation: Your flesh is heat resistant. (rF+) [potion of mutation]
  4046 | D        | Noticed a kraken
  4193 | D        | Killed a kraken
  4602 | D        | Found Vuovos's Gadget Boutique.
  4602 | D        | Found Sigholo's Magic Scroll Shop.
  4602 | D        | Found Tububeibu's Antique Armour Emporium.
  4713 | D        | Got a barnacled rune of Zot
  4826 | D        | Found Gen Koacsui's Jewellery Emporium.
  4858 | D        | HP: 2/120 [orc knight/great sword (20)]
  5478 | D        | Bought a scroll of identify for 26 gold pieces
  5478 | D        | Bought a scroll of enchant armour for 97 gold pieces
  5478 | D        | Bought a scroll of identify for 26 gold pieces
  5612 | D        | Bought a scroll of enchant armour for 97 gold pieces
  5612 | D        | Bought a scroll of fog for 26 gold pieces
  5614 | D        | Bought a pair of runed gloves for 180 gold pieces
  5614 | D        | Bought a runed chain mail for 180 gold pieces
  5742 | D        | Bought an uncursed ring of ice for 350 gold pieces
  5742 | D        | Bought an uncursed ring of ice for 350 gold pieces
  5742 | D        | Bought the amulet of Vitality {Regen+ HP+15} for 1106 gold pieces
  5742 | D        | Found the amulet of Vitality {Regen+ HP+15}
  5829 | D        | Identified the Almanac of Destructive Intoxication
  5835 | D        | Got a fine amber ring
  5856 | D        | Identified the ring "Ireuhawk" {rElec rF+} (You found it in the Dungeon)
  5986 | D        | Received a gift from Okawaru
  6100 | D        | Bought a +4 ring of slaying for 1092 gold pieces
  6117 | D        | Noticed a deep elf demonologist
  6117 | D        | Noticed a deep elf death mage
  6120 | D        | Noticed a deep elf annihilator
  6121 | D        | Noticed a deep elf annihilator
  6123 | D        | Noticed a deep elf master archer
  6127 | D        | Killed a deep elf annihilator
  6128 | D        | Noticed a reaper
  6135 | D        | Killed a ghostly deep elf annihilator
  6136 | D        | Killed a deep elf death mage
  6141 | D        | Killed a deep elf demonologist
  6148 | D        | Shot with an arrow by a deep elf master archer

Vault maps used:
D:        dungeon_sprint_mu

Skill      XL: |  1  2  3  4  5  6  7  8  9 10 11 12 13 |
---------------+----------------------------------------+-----
Fighting       | 4 5 7 8 10 12 13 14 16 17 18 | 18.8
Long Blades    | 3 4 5 7 8 9 10 11 12 14 15 17 18 | 18.6
Armour         | 4 5 7 8 10 12 14 16 17 18 | 18.7
Shields        | 4 5 7 8 10 12 13 14 16 17 18 | 18.8
Dodging        | 1 2 4 5 6 7 8 9 10 11 12 | 12.8
Invocations    | 2 3 4 5 7 |  7.5
Throwing       | 4 6 8 9 |  9.4
Evocations     | 3 6 7 |  7.3

Action                   |  1- 3 |  4- 6 |  7- 9 | 10-12 | 13-15 || total
-------------------------+-------+-------+-------+-------+-------++-------
Melee: Long sword        |    32 |    22 |   123 |   486 |   298 ||   961
       Headbutt          |     4 |     7 |    30 |   144 |    99 ||   284
       Kick              |       |       |       |    86 |   164 ||   250
 Fire: Blowgun           |       |       |       |       |     2 ||     2
Throw: Throwing net      |       |       |       |     3 |     9 ||    12
       Javelin           |       |       |       |     7 |     1 ||     8
Invok: Heroism           |       |       |     7 |    25 |    16 ||    48
       Finesse           |       |       |       |    18 |     6 ||    24
  Use: Potion            |       |     6 |       |     2 |     4 ||    12
       Scroll            |       |     2 |       |     2 |     5 ||     9
 Stab: Sleeping          |       |       |       |     1 |       ||     1
       Held in net/web   |       |       |       |     5 |    20 ||    25
       Paralysed         |       |       |       |       |     3 ||     3
  Eat: Chunk             |       |       |     1 |    10 |     4 ||    15
       Fruit             |       |       |       |     2 |     6 ||     8
       Royal jelly       |       |       |       |     2 |       ||     2
Armor: Scale mail        |     6 |     5 |    10 |    23 |     8 ||    52
       Chain mail        |       |       |       |       |     9 ||     9
Dodge: Dodged            |     7 |    10 |    55 |    91 |    66 ||   229
Block: Shield            |    18 |     7 |    71 |   160 |   107 ||   363
       Rpst.: Long sword |     1 |     3 |    15 |    24 |    10 ||    53

Table legend:
 A = Spawn XP
 B = Non-spawn XP
 C = Spawn XP percentage of total XP
 D = Spawn monster count
 E = Non-spawn monster count
 F = Spawn count percentage of total count
 G = Total turns spent on level
                    A         B        C        D         E        F      G
               +---------+---------+-------+---------+---------+-------+---------
         Total |       0 |   53921 |   0.0 |       0 |     153 |   0.0 |  6148
               +---------+---------+-------+---------+---------+-------+---------
             D |       0 |   53921 |   0.0 |       0 |     153 |   0.0 |  6148
               +---------+---------+-------+---------+---------+-------+---------
